Blue Jackets vs Avalanche

Created - January 19, 2020 at 08:43

Goals
1 2 3 T
Blue Jackets 0 0 2 2
Avalanche 1 1 2 4
Shots
1 2 3 T
Blue Jackets 11 6 11 28
Avalanche 7 17 13 37

1st period

1. Avalanche , Alexander Radulov 9 (Mattias Ekholm 7, Paul Stastny 15) at 18:55

Penalties :
Andrew Ladd (Col) for Hooking (Minor) at 6:24

2nd period

2. Avalanche , Patric Hornqvist 18 (Mikkel Boedker 24, Mattias Ekholm 8) at 17:02

Penalties :
Andreas Nodl (Clb) for Slashing (Minor) at 7:17, Dalton Prout (Clb) for Hooking (Minor) at 12:17

3rd period

3. Blue Jackets , Artemi Panarin 12 (Mike Lundin 22, Pavel Datsyuk 23) at 0:10
4. Avalanche , Alexander Radulov 10 (Paul Stastny 16, Danny Richmond 7) at 3:14
5. Avalanche , Matt Moulson 4 (Kyle Turris 10, Darren Reid 5) at 10:47
6. Blue Jackets , Martin Havlat 20 (Cam Fowler 14, Artemi Panarin 18) at 16:43 (SH)

Penalties :
Martin Havlat (Clb) for Hooking (Minor) at 0:48, Mike Lundin (Clb) for Goalie Interference (Minor) at 5:49, Andreas Nodl (Clb) for Tripping (Minor) at 16:08

Goalie Stats

Rick DiPietro (Clb), 33 saves from 37 shots - (0.892), L, 13-8-9, 60:00 minutes
Semyon Varlamov (Col), 26 saves from 28 shots - (0.929), W, 15-12-1, 60:00 minutes

Players Stats for Blue Jackets

Player Name              G  A  P  +/- PIM S  H  SB GA TA FO     MP     PP MP  PK MP  
------------------------------------------------------------------------------------
A.J Thelen               0  0  0  -1  0   0  0  0  0  0  0/0    14:30   0:00   1:12 
Andreas Nodl             0  0  0  -1  4   0  0  0  0  0  1/1    11:02   0:00   1:24 
Artemi Panarin           1  1  2   1  0   2  2  0  0  1  4/10   23:27   1:13   5:50 
Branislav Mezei          0  0  0  -1  0   0  1  1  0  0  0/0    19:33   0:42   4:11 
Cam Fowler               0  1  1   0  0   3  0  0  0  3  0/0    27:25   1:17   6:00 
Cody Eakin               0  0  0  -1  0   0  0  0  0  0  2/3     8:53   0:00   0:47 
Dalton Prout             0  0  0  -1  2   0  3  0  0  0  0/0    13:36   0:00   0:12 
Derek Boogaard           0  0  0  -2  0   1  3  0  0  1  1/1    16:22   0:46   5:43 
Devin Setoguchi          0  0  0  -1  0   1  0  0  1  0  0/0    17:53   1:13   2:44 
Eric Wellwood            0  0  0   0  0   0  1  0  1  0  0/0     9:15   0:00   1:19 
Martin Havlat            1  0  1   1  2   4  4  0  1  0  2/2    19:25   0:46   2:03 
Max Pacioretty           0  0  0  -2  0   4  1  0  0  0  1/2    14:24   0:00   0:00 
Mike Comrie              0  0  0  -1  0   0  1  2  1  0  1/1     9:26   0:00   0:00 
Mike Lundin              0  1  1   0  2   4  1  2  1  1  0/0    26:19   1:17   4:55 
Pavel Datsyuk            0  1  1   1  0   5  0  1  0  0  10/23  17:31   1:13   0:00 
Peter Mueller            0  0  0  -2  0   3  1  2  1  0  5/12   14:45   0:46   0:00 
Rob Scuderi              0  0  0  -1  0   1  2  3  0  0  0/0    18:42   0:42   3:20 
Tyler Kennedy            0  0  0   0  0   0  1  0  0  0  0/0     7:32   0:00   0:00 

Players Stats for Avalanche

Player Name              G  A  P  +/- PIM S  H  SB GA TA FO     MP     PP MP  PK MP  
------------------------------------------------------------------------------------
Alexander Radulov        2  0  2   1  0   6  3  0  0  0  1/2    18:48   4:26   0:00 
Andrei Kostitsyn         0  0  0   1  0   5  2  0  0  1  0/0    19:30   4:25   0:45 
Andrew Ladd              0  0  0   0  2   1  2  0  0  0  0/1     9:34   0:01   0:00 
Brad Richardson          0  0  0   0  0   0  1  0  0  0  0/0    10:28   0:00   0:56 
Bryan Little             0  0  0   0  0   3  2  1  1  0  16/30  20:26   5:29   0:00 
Charlie Coyle            0  0  0   0  0   0  0  0  0  0  2/3    10:11   0:00   1:12 
Danny Richmond           0  1  1   2  0   1  2  0  0  1  0/0    17:26   4:13   0:35 
Darren Reid              0  1  1   1  0   0  3  0  0  0  0/1     9:46   0:00   0:31 
Dmitry Kulikov           0  0  0   2  0   1  0  1  0  0  0/0    21:56   4:13   0:00 
Erik Karlsson            0  0  0  -1  0   1  1  2  0  0  0/0    23:10   4:49   0:00 
Jack Johnson             0  0  0  -1  0   2  2  1  1  1  0/0    24:46   4:49   1:24 
Kyle Turris              0  1  1   1  0   0  2  0  0  1  2/2     9:49   0:00   0:34 
Marc Staal               0  0  0   1  0   1  0  0  0  1  0/0    19:24   0:53   1:24 
Matt Moulson             1  0  1   1  0   4  0  0  0  0  0/0     9:48   0:00   0:00 
Mattias Ekholm           0  2  2   1  0   1  1  0  0  0  0/0    13:18   0:53   0:35 
Mikkel Boedker           0  1  1   0  0   6  1  0  1  0  0/0    20:26   5:29   0:00 
Patric Hornqvist         1  0  1   0  0   3  0  0  1  0  0/0    20:26   5:29   0:00 
Paul Stastny             0  2  2   1  0   2  1  0  2  1  7/16   18:48   4:26   0:00 

3 Stars

1 - Alexander Radulov (Col)
2 - Artemi Panarin (Clb)
3 - Paul Stastny (Col)

Power Play

Blue Jackets - 0 on 1 Attempt(s) - 0.00%
Avalanche - 0 on 5 Attempt(s) - 0.00%

Penalty Kill

Blue Jackets - 5 on 5 Attempt(s) - 100.00% - Score 1 goal in Penalty Kill
Avalanche - 1 on 1 Attempt(s) - 100.00% - Score 0 goal in Penalty Kill

Team Stat

Blue Jackets - Hits : 21 - Faceoff Wins : 27 - Blocked Shots : 11 - Penalty Minutes : 10
Avalanche - Hits : 23 - Faceoff Wins : 28 - Blocked Shots : 5 - Penalty Minutes : 2

Official

Referees : Unknown
Linesman : Unknown

Game Notes

No Game Note

Finance

Level 1 -- Attendance: 6000 (100.00%) -- Ticket Income $534,000
Level 2 -- Attendance: 5000 (100.00%) -- Ticket Income $275,000
Level 3 -- Attendance: 1950 (97.50%) -- Ticket Income $64,350
Level 4 -- Attendance: 3798 (94.95%) -- Ticket Income $87,354
Luxury Box -- Attendance: 1000 (100.00%) -- Ticket Income $172,000
Game was played at the Pepsi Center.
Total Attendance: 17748 (98.60%)
Total Ticket Income: $1,132,704
Other Income: $169,906
Total Income: $1,302,610

Blue Jackets

5 vs 5 Forward 
   Center                   Left Wing                Right Wing               Time % Phy DF OF 
 1 Pavel Datsyuk            Artemi Panarin           Martin Havlat            40     1   2  2  
 2 Peter Mueller            Max Pacioretty           Devin Setoguchi          30     1   2  2  
 3 Mike Comrie              Derek Boogaard           Andreas Nodl             20     1   2  2  
 4 Cody Eakin               Eric Wellwood            Tyler Kennedy            10     1   2  2  

5 vs 5 Defense 
   Defense                  Defense                                           Time % Phy DF OF 
 1 Mike Lundin              Cam Fowler                                        40     1   2  2  
 2 Branislav Mezei          Rob Scuderi                                       30     1   2  2  
 3 Dalton Prout             A.J Thelen                                        20     1   2  2  
 4 Mike Lundin              Cam Fowler                                        10     1   2  2  

PowerPlay Forward 
   Center                   Left Wing                Right Wing               Time % Phy DF OF 
 1 Pavel Datsyuk            Artemi Panarin           Devin Setoguchi          60     1   2  2  
 2 Peter Mueller            Derek Boogaard           Martin Havlat            40     1   2  2  

PowerPlay Defense
   Defense                  Defense                                           Time % Phy DF OF 
 1 Mike Lundin              Cam Fowler                                        60     1   2  2  
 2 Branislav Mezei          Rob Scuderi                                       40     1   2  2  

Penalty Kill 4 Players Forward 
   Center                   Wing                     Time % Phy DF OF 
 1 Artemi Panarin           Derek Boogaard           60     1   2  2  
 2 Devin Setoguchi          Martin Havlat            40     1   2  2  

Penalty Kill 4 Players Defense
   Defense                  Defense                  Time % Phy DF OF 
 1 Mike Lundin              Cam Fowler               60     1   2  2  
 2 Branislav Mezei          Rob Scuderi              40     1   2  2  

Penalty Kill - 3 Players Forward 
   Forward                                           Time % Phy DF OF 
 1 Artemi Panarin                                    60     1   2  2  
 2 Derek Boogaard                                    40     1   2  2  

Penalty Kill - 3 Players Defense
   Defense                  Defense                  Time % Phy DF OF 
 1 Mike Lundin              Cam Fowler               60     1   2  2  
 2 Branislav Mezei          Rob Scuderi              40     1   2  2  

4 vs 4 Forward 
   Center                   Wing                     Time % Phy DF OF 
 1 Artemi Panarin           Derek Boogaard           60     1   2  2  
 2 Devin Setoguchi          Martin Havlat            40     1   2  2  

4 vs 4 Defense
   Defense                  Defense                  Time % Phy DF OF 
 1 Mike Lundin              Cam Fowler               60     1   2  2  
 2 Branislav Mezei          Rob Scuderi              40     1   2  2  

Last Minutes Offensive
   Center                   Left Wing                Right Wing               Defense                  Defense                  
   Pavel Datsyuk            Artemi Panarin           Devin Setoguchi          Mike Lundin              Cam Fowler               

Last Minutes Defensive
   Center                   Left Wing                Right Wing               Defense                  Defense                  
   Pavel Datsyuk            Artemi Panarin           Devin Setoguchi          Mike Lundin              Cam Fowler               

Goaltenders
Starting : Rick DiPietro            
Backup : Andrei Vasilevskiy       

Extra Forwards
Normal : Max Pacioretty, Mike Comrie, Andreas Nodl - PP : Max Pacioretty, Mike Comrie - PK : Andreas Nodl
Extra Defensemen
Normal : Dalton Prout, A.J Thelen, Branislav Mezei - PP : Dalton Prout - PK : A.J Thelen, Branislav Mezei
Penalty Shots
Artemi Panarin, Derek Boogaard, Devin Setoguchi, Martin Havlat, Pavel Datsyuk

Scratches
None

Avalanche

5 vs 5 Forward 
   Center                   Left Wing                Right Wing               Time % Phy DF OF 
 1 Bryan Little             Mikkel Boedker           Patric Hornqvist         35     1   2  2  
 2 Paul Stastny             Andrei Kostitsyn         Alexander Radulov        35     1   2  2  
 3 Charlie Coyle            Andrew Ladd              Brad Richardson          15     1   2  2  
 4 Kyle Turris              Matt Moulson             Darren Reid              15     1   2  2  

5 vs 5 Defense 
   Defense                  Defense                                           Time % Phy DF OF 
 1 Jack Johnson             Erik Karlsson                                     37     1   2  2  
 2 Marc Staal               Dmitry Kulikov                                    36     1   2  2  
 3 Danny Richmond           Mattias Ekholm                                    27     1   2  2  
 4 Jack Johnson             Marc Staal                                        0      1   2  2  

PowerPlay Forward 
   Center                   Left Wing                Right Wing               Time % Phy DF OF 
 1 Bryan Little             Mikkel Boedker           Patric Hornqvist         60     1   2  2  
 2 Paul Stastny             Andrei Kostitsyn         Alexander Radulov        40     1   2  2  

PowerPlay Defense
   Defense                  Defense                                           Time % Phy DF OF 
 1 Jack Johnson             Erik Karlsson                                     60     1   2  2  
 2 Danny Richmond           Dmitry Kulikov                                    40     1   2  2  

Penalty Kill 4 Players Forward 
   Center                   Wing                     Time % Phy DF OF 
 1 Charlie Coyle            Andrew Ladd              60     1   2  2  
 2 Kyle Turris              Darren Reid              40     1   2  2  

Penalty Kill 4 Players Defense
   Defense                  Defense                  Time % Phy DF OF 
 1 Jack Johnson             Marc Staal               60     1   2  2  
 2 Mattias Ekholm           Danny Richmond           40     1   2  2  

Penalty Kill - 3 Players Forward 
   Forward                                           Time % Phy DF OF 
 1 Mikkel Boedker                                    60     1   2  2  
 2 Bryan Little                                      40     1   2  2  

Penalty Kill - 3 Players Defense
   Defense                  Defense                  Time % Phy DF OF 
 1 Jack Johnson             Marc Staal               60     1   2  2  
 2 Erik Karlsson            Danny Richmond           40     1   2  2  

4 vs 4 Forward 
   Center                   Wing                     Time % Phy DF OF 
 1 Mikkel Boedker           Bryan Little             60     1   2  2  
 2 Patric Hornqvist         Paul Stastny             40     1   2  2  

4 vs 4 Defense
   Defense                  Defense                  Time % Phy DF OF 
 1 Jack Johnson             Marc Staal               60     1   2  2  
 2 Erik Karlsson            Danny Richmond           40     1   2  2  

Last Minutes Offensive
   Center                   Left Wing                Right Wing               Defense                  Defense                  
   Bryan Little             Mikkel Boedker           Patric Hornqvist         Jack Johnson             Erik Karlsson            

Last Minutes Defensive
   Center                   Left Wing                Right Wing               Defense                  Defense                  
   Bryan Little             Mikkel Boedker           Patric Hornqvist         Jack Johnson             Marc Staal               

Goaltenders
Starting : Semyon Varlamov          
Backup : Mike Brodeur             

Extra Forwards
Normal : Andrew Ladd, Matt Moulson, Brad Richardson - PP : Andrew Ladd, Matt Moulson - PK : Brad Richardson
Extra Defensemen
Normal : Dmitry Kulikov, Mattias Ekholm, Erik Karlsson - PP : Dmitry Kulikov - PK : Mattias Ekholm, Erik Karlsson
Penalty Shots
Mikkel Boedker, Bryan Little, Patric Hornqvist, Paul Stastny, Andrei Kostitsyn

Scratches
None


% Time on Ice - Blue Jackets

Lines # - Real PCT - Wanted PCT - Time Play
Normal Forward
1 - 37% - 40% - 17:54
2 - 29% - 30% - 13:59
3 - 18% - 20% - 8:41
4 - 16% - 10% - 7:32
Normal Defense
1 - 40% - 40% - 19:11
2 - 30% - 30% - 14:40
3 - 28% - 20% - 13:18
4 - 2% - 10% - 0:57
PP Forward
1 - 61% - 60% - 1:13
2 - 39% - 40% - 0:46
PP Defense
1 - 65% - 60% - 1:17
2 - 35% - 40% - 0:42
PK Forward
1 - 72% - 60% - 7:11
2 - 28% - 40% - 2:44
PK Defense
1 - 66% - 60% - 6:35
2 - 34% - 40% - 3:20
PK3 Forward
1 - 0% - 60%
2 - 0% - 40%
PK3 Defense
1 - 0% - 60%
2 - 0% - 40%
44 Forward
1 - 0% - 60%
2 - 0% - 40%
44 Defense
1 - 0% - 60%
2 - 0% - 40%
Last Minute Offensive  - 0:00
Last Minute Defensive  - 0:00
Total
Forward - 60:00
Defense - 60:00

% Time on Ice - Avalanche

Lines # - Real PCT - Wanted PCT - Time Play
Normal Forward
1 - 32% - 35% - 15:30
2 - 30% - 35% - 14:22
3 - 19% - 15% - 8:59
4 - 19% - 15% - 9:15
Normal Defense
1 - 38% - 37% - 18:21
2 - 37% - 36% - 17:43
3 - 25% - 27% - 11:50
4 - 0% - 0% - 0:12
PP Forward
1 - 55% - 60% - 5:29
2 - 45% - 40% - 4:26
PP Defense
1 - 57% - 60% - 5:42
2 - 43% - 40% - 4:13
PK Forward
1 - 74% - 60% - 1:28
2 - 26% - 40% - 0:31
PK Defense
1 - 71% - 60% - 1:24
2 - 29% - 40% - 0:35
PK3 Forward
1 - 0% - 60%
2 - 0% - 40%
PK3 Defense
1 - 0% - 60%
2 - 0% - 40%
44 Forward
1 - 0% - 60%
2 - 0% - 40%
44 Defense
1 - 0% - 60%
2 - 0% - 40%
Last Minute Offensive  - 0:00
Last Minute Defensive  - 0:00
Total
Forward - 60:00
Defense - 60:00

Play-by-Play

1st period


0:01 of 1st period - Pavel Datsyuk wins face-off versus Bryan Little in neutral zone.
1:13 of 1st period - Snap shot by Bryan Little.
1:13 of 1st period - Shot Misses the Net.
1:19 of 1st period - Snap shot by Bryan Little.
1:19 of 1st period - Shot Misses the Net.
1:21 of 1st period - Snap shot by Jack Johnson.
1:21 of 1st period - Deflect By Mikkel Boedker.
1:21 of 1st period - Shot Misses the Net.
1:21 of 1st period - Puck is out of play.
1:22 of 1st period - Peter Mueller wins face-off versus Paul Stastny in Blue Jackets zone.
1:37 of 1st period - Wrist shot by Max Pacioretty.
1:37 of 1st period - Shot Misses the Net.
2:50 of 1st period - Rob Scuderi is hit by Brad Richardson and loses puck.
3:14 of 1st period - Mike Lundin is hit by Mattias Ekholm and loses puck.
3:49 of 1st period - Snap shot by Peter Mueller.
3:49 of 1st period - Shot Misses the Net.
3:51 of 1st period - Slapshot by Peter Mueller.
3:51 of 1st period - Shot Misses the Net.
4:01 of 1st period - Matt Moulson is hit by Branislav Mezei and loses puck.
4:29 of 1st period - Jack Johnson is hit by Tyler Kennedy and loses puck.
4:44 of 1st period - Snap shot by Paul Stastny.
4:44 of 1st period - Shot Misses the Net.
4:46 of 1st period - Wrist shot by Andrei Kostitsyn.
4:46 of 1st period - Stopped by Rick DiPietro without a rebound.
4:47 of 1st period - Peter Mueller wins face-off versus Paul Stastny in Blue Jackets zone.
4:47 of 1st period - Peter Mueller is hit by Paul Stastny.
4:59 of 1st period - Backhand shot by Max Pacioretty.
4:59 of 1st period - Stopped by Semyon Varlamov with a rebound.
5:01 of 1st period - Slapshot by Mike Lundin.
5:01 of 1st period - Shot Misses the Net.
5:13 of 1st period - Snap shot by Devin Setoguchi.
5:13 of 1st period - Stopped by Semyon Varlamov with a rebound.
5:15 of 1st period - Wrist shot by Max Pacioretty.
5:15 of 1st period - Stopped by Semyon Varlamov without a rebound.
5:16 of 1st period - Pavel Datsyuk wins face-off versus Bryan Little in Avalanche zone.
5:25 of 1st period - Snap shot by Pavel Datsyuk.
5:25 of 1st period - Shot Misses the Net.
5:27 of 1st period - Snap shot by Martin Havlat.
5:27 of 1st period - Stopped by Semyon Varlamov with a rebound.
5:33 of 1st period - Wrist shot by Pavel Datsyuk.
5:33 of 1st period - Stopped by Semyon Varlamov with a rebound.
5:49 of 1st period - Slapshot by Erik Karlsson.
5:49 of 1st period - Shot Blocked by Rob Scuderi.
6:24 of 1st period - Minor Penalty to Andrew Ladd for Hooking.
6:25 of 1st period - Pavel Datsyuk wins face-off versus Charlie Coyle in Avalanche zone.
6:39 of 1st period - Slapshot by Jack Johnson.
6:39 of 1st period - Stopped by Rick DiPietro without a rebound.
6:40 of 1st period - Charlie Coyle wins face-off versus Pavel Datsyuk in Blue Jackets zone.
6:43 of 1st period - Backhand shot by Charlie Coyle.
6:43 of 1st period - Deflect By Brad Richardson.
6:43 of 1st period - Shot Misses the Net.
6:43 of 1st period - Puck is out of play.
6:44 of 1st period - Charlie Coyle wins face-off versus Pavel Datsyuk in Blue Jackets zone.
8:24 of 1st period - Penalty to Andrew Ladd is over, Andrew Ladd is back on ice.
8:31 of 1st period - Tyler Kennedy is hit by Danny Richmond and loses puck.
8:56 of 1st period - Slapshot by Andrei Kostitsyn.
8:56 of 1st period - Shot Blocked by Mike Comrie.
9:54 of 1st period - Icing by Jack Johnson.
9:55 of 1st period - Mike Comrie wins face-off versus Bryan Little in Avalanche zone.
9:56 of 1st period - Wrist shot by Derek Boogaard.
9:56 of 1st period - Stopped by Semyon Varlamov with a rebound.
10:01 of 1st period - Off-side.
10:02 of 1st period - Cody Eakin wins face-off versus Paul Stastny in neutral zone.
10:13 of 1st period - Wrist shot by Alexander Radulov.
10:13 of 1st period - Deflect By Andrei Kostitsyn.
10:13 of 1st period - Shot Misses the Net.
10:13 of 1st period - Puck is out of play.
10:14 of 1st period - Paul Stastny wins face-off versus Pavel Datsyuk in Blue Jackets zone.
11:25 of 1st period - Wrist shot by Matt Moulson.
11:25 of 1st period - Shot Misses the Net.
11:31 of 1st period - Wrist shot by Kyle Turris.
11:31 of 1st period - Deflect By Matt Moulson.
11:31 of 1st period - Stopped by Rick DiPietro without a rebound.
11:32 of 1st period - Paul Stastny wins face-off versus Pavel Datsyuk in Blue Jackets zone.
11:59 of 1st period - Mattias Ekholm is hit by Derek Boogaard and loses puck.
12:22 of 1st period - Andrei Kostitsyn is hit by Eric Wellwood and loses puck.
14:12 of 1st period - Peter Mueller is hit by Darren Reid.
14:38 of 1st period - Wrist shot by Martin Havlat.
14:38 of 1st period - Shot Misses the Net.
14:40 of 1st period - Slapshot by Martin Havlat.
14:40 of 1st period - Stopped by Semyon Varlamov with a rebound.
14:42 of 1st period - Slapshot by Cam Fowler.
14:42 of 1st period - Stopped by Semyon Varlamov without a rebound.
14:43 of 1st period - Bryan Little wins face-off versus Pavel Datsyuk in Avalanche zone.
14:50 of 1st period - Snap shot by Mikkel Boedker.
14:50 of 1st period - Shot Blocked by Pavel Datsyuk.
15:12 of 1st period - Snap shot by Mike Lundin.
15:12 of 1st period - Deflect By Dmitry Kulikov.
15:12 of 1st period - Stopped by Semyon Varlamov with a rebound.
15:39 of 1st period - Snap shot by Cody Eakin.
15:39 of 1st period - Shot Misses the Net.
16:18 of 1st period - Wrist shot by Kyle Turris.
16:18 of 1st period - Shot Misses the Net.
16:30 of 1st period - Snap shot by Martin Havlat.
16:30 of 1st period - Stopped by Semyon Varlamov without a rebound.
16:31 of 1st period - Bryan Little wins face-off versus Peter Mueller in Avalanche zone.
16:44 of 1st period - Wrist shot by Mikkel Boedker.
16:44 of 1st period - Stopped by Rick DiPietro with a rebound.
16:58 of 1st period - Andreas Nodl is hit by Alexander Radulov.
17:24 of 1st period - Brad Richardson is hit by Dalton Prout and loses puck.
17:39 of 1st period - Snap shot by Bryan Little.
17:39 of 1st period - Shot Misses the Net.
18:10 of 1st period - Derek Boogaard is hit by Andrew Ladd and loses puck.
18:31 of 1st period - Wrist shot by Pavel Datsyuk.
18:31 of 1st period - Shot Blocked by Erik Karlsson.
18:37 of 1st period - Snap shot by Pavel Datsyuk.
18:37 of 1st period - Stopped by Semyon Varlamov without a rebound.
18:38 of 1st period - Paul Stastny wins face-off versus Peter Mueller in Avalanche zone.
18:51 of 1st period - Slapshot by Alexander Radulov.
18:51 of 1st period - Stopped by Rick DiPietro with a rebound.
18:53 of 1st period - Slapshot by Mattias Ekholm.
18:53 of 1st period - Stopped by Rick DiPietro with a rebound.
18:55 of 1st period - Snap shot by Alexander Radulov.
18:55 of 1st period - Goal by Alexander Radulov - Blue Jackets : 0 - Avalanche : 1.
18:56 of 1st period - Pavel Datsyuk wins face-off versus Bryan Little in neutral zone.
18:59 of 1st period - Bryan Little is hit by Mike Lundin and loses puck.
19:29 of 1st period - Snap shot by Paul Stastny.
19:29 of 1st period - Shot Blocked by Rob Scuderi.
19:31 of 1st period - Slapshot by Alexander Radulov.
19:31 of 1st period - Shot Blocked by Rob Scuderi.
19:33 of 1st period - Wrist shot by Andrei Kostitsyn.
19:33 of 1st period - Shot Blocked by Branislav Mezei.
Goals for this period are 0 for Blue Jackets vs 1 for Avalanche.
Shots for this period are 11 for Blue Jackets vs 7 for Avalanche.

2nd period


0:01 of 2nd period - Pavel Datsyuk wins face-off versus Bryan Little in neutral zone.
0:26 of 2nd period - Mike Lundin is hit by Andrew Ladd.
0:53 of 2nd period - Mike Lundin is hit by Andrei Kostitsyn.
2:27 of 2nd period - Wrist shot by Paul Stastny.
2:27 of 2nd period - Shot Misses the Net.
2:29 of 2nd period - Snap shot by Paul Stastny.
2:29 of 2nd period - Shot Blocked by Mike Comrie.
2:43 of 2nd period - Slapshot by Tyler Kennedy.
2:43 of 2nd period - Shot Misses the Net.
3:02 of 2nd period - Off-side.
3:03 of 2nd period - Paul Stastny wins face-off versus Pavel Datsyuk in neutral zone.
3:03 of 2nd period - Paul Stastny is hit by Martin Havlat.
3:08 of 2nd period - Snap shot by Andrei Kostitsyn.
3:08 of 2nd period - Stopped by Rick DiPietro with a rebound.
3:10 of 2nd period - Wrist shot by Andrei Kostitsyn.
3:10 of 2nd period - Stopped by Rick DiPietro with a rebound.
3:12 of 2nd period - Snap shot by Dmitry Kulikov.
3:12 of 2nd period - Stopped by Rick DiPietro without a rebound.
3:13 of 2nd period - Paul Stastny wins face-off versus Pavel Datsyuk in Blue Jackets zone.
3:32 of 2nd period - Slapshot by Paul Stastny.
3:32 of 2nd period - Stopped by Rick DiPietro with a rebound.
3:34 of 2nd period - Wrist shot by Andrei Kostitsyn.
3:34 of 2nd period - Stopped by Rick DiPietro without a rebound.
3:35 of 2nd period - Bryan Little wins face-off versus Peter Mueller in Blue Jackets zone.
3:36 of 2nd period - Wrist shot by Mikkel Boedker.
3:36 of 2nd period - Shot Misses the Net.
3:38 of 2nd period - Snap shot by Bryan Little.
3:38 of 2nd period - Stopped by Rick DiPietro without a rebound.
3:39 of 2nd period - Bryan Little wins face-off versus Peter Mueller in Blue Jackets zone.
3:40 of 2nd period - Wrist shot by Mikkel Boedker.
3:40 of 2nd period - Stopped by Rick DiPietro with a rebound.
3:42 of 2nd period - Snap shot by Bryan Little.
3:42 of 2nd period - Shot Misses the Net.
3:46 of 2nd period - Wrist shot by Bryan Little.
3:46 of 2nd period - Shot Misses the Net.
3:48 of 2nd period - Snap shot by Bryan Little.
3:48 of 2nd period - Shot Misses the Net.
4:08 of 2nd period - Snap shot by Pavel Datsyuk.
4:08 of 2nd period - Shot Blocked by Erik Karlsson.
4:10 of 2nd period - Snap shot by Artemi Panarin.
4:10 of 2nd period - Stopped by Semyon Varlamov without a rebound.
4:11 of 2nd period - Martin Havlat wins face-off versus Paul Stastny in Avalanche zone.
4:21 of 2nd period - Slapshot by Mike Lundin.
4:21 of 2nd period - Deflect By Marc Staal.
4:21 of 2nd period - Stopped by Semyon Varlamov without a rebound.
4:22 of 2nd period - Bryan Little wins face-off versus Pavel Datsyuk in Avalanche zone.
4:37 of 2nd period - Wrist shot by Pavel Datsyuk.
4:37 of 2nd period - Deflect By Mikkel Boedker.
4:37 of 2nd period - Shot Misses the Net.
4:37 of 2nd period - Puck is out of play.
4:38 of 2nd period - Alexander Radulov wins face-off versus Max Pacioretty in Avalanche zone.
4:43 of 2nd period - Snap shot by Paul Stastny.
4:43 of 2nd period - Shot Misses the Net.
5:32 of 2nd period - Jack Johnson is hit by Derek Boogaard.
5:52 of 2nd period - Off-side.
5:53 of 2nd period - Kyle Turris wins face-off versus Cody Eakin in neutral zone.
6:18 of 2nd period - Mattias Ekholm is hit by Martin Havlat and loses puck.
6:41 of 2nd period - Devin Setoguchi is hit by Danny Richmond and loses puck.
6:50 of 2nd period - Snap shot by Andrei Kostitsyn.
6:50 of 2nd period - Stopped by Rick DiPietro with a rebound.
7:10 of 2nd period - Snap shot by Andrew Ladd.
7:10 of 2nd period - Stopped by Rick DiPietro with a rebound.
7:17 of 2nd period - Minor Penalty to Andreas Nodl for Slashing.
7:18 of 2nd period - Bryan Little wins face-off versus Artemi Panarin in Blue Jackets zone.
8:40 of 2nd period - Icing by Alexander Radulov.
8:41 of 2nd period - Cody Eakin wins face-off versus Bryan Little in Avalanche zone.
9:17 of 2nd period - Penalty to Andreas Nodl is over, Andreas Nodl is back on ice.
9:22 of 2nd period - Backhand shot by Matt Moulson.
9:22 of 2nd period - Shot Misses the Net.
9:24 of 2nd period - Snap shot by Darren Reid.
9:24 of 2nd period - Shot Blocked by Mike Lundin.
9:30 of 2nd period - Slapshot by Cam Fowler.
9:30 of 2nd period - Stopped by Semyon Varlamov with a rebound.
9:49 of 2nd period - Wrist shot by Max Pacioretty.
9:49 of 2nd period - Stopped by Semyon Varlamov without a rebound.
9:50 of 2nd period - Bryan Little wins face-off versus Peter Mueller in Avalanche zone.
9:50 of 2nd period - Bryan Little is hit by Rob Scuderi.
9:59 of 2nd period - Off-side.
10:00 of 2nd period - Peter Mueller wins face-off versus Bryan Little in neutral zone.
10:23 of 2nd period - Wrist shot by Mikkel Boedker.
10:23 of 2nd period - Stopped by Rick DiPietro without a rebound.
10:24 of 2nd period - Paul Stastny wins face-off versus Artemi Panarin in Blue Jackets zone.
10:31 of 2nd period - Artemi Panarin is hit by Erik Karlsson.
10:35 of 2nd period - Snap shot by Pavel Datsyuk.
10:35 of 2nd period - Stopped by Semyon Varlamov with a rebound.
10:37 of 2nd period - Slapshot by Mike Lundin.
10:37 of 2nd period - Shot Blocked by Jack Johnson.
11:02 of 2nd period - Erik Karlsson is hit by Mike Comrie and loses puck.
11:41 of 2nd period - Snap shot by Kyle Turris.
11:41 of 2nd period - Deflect By Matt Moulson.
11:41 of 2nd period - Stopped by Rick DiPietro with a rebound.
11:57 of 2nd period - Martin Havlat is hit by Alexander Radulov and loses puck.
12:08 of 2nd period - Erik Karlsson is hit by Martin Havlat and loses puck.
12:17 of 2nd period - Minor Penalty to Dalton Prout for Hooking.
12:18 of 2nd period - Bryan Little wins face-off versus Artemi Panarin in Blue Jackets zone.
12:21 of 2nd period - Snap shot by Bryan Little.
12:21 of 2nd period - Stopped by Rick DiPietro with a rebound.
12:23 of 2nd period - Slapshot by Danny Richmond.
12:23 of 2nd period - Stopped by Rick DiPietro with a rebound.
12:25 of 2nd period - Slapshot by Dmitry Kulikov.
12:25 of 2nd period - Shot Misses the Net.
12:27 of 2nd period - Slapshot by Dmitry Kulikov.
12:27 of 2nd period - Shot Misses the Net.
12:29 of 2nd period - Snap shot by Mikkel Boedker.
12:29 of 2nd period - Shot Misses the Net.
12:31 of 2nd period - Wrist shot by Patric Hornqvist.
12:31 of 2nd period - Shot Misses the Net.
13:53 of 2nd period - Mike Lundin is hit by Bryan Little and loses puck.
14:17 of 2nd period - Penalty to Dalton Prout is over, Dalton Prout is back on ice.
14:22 of 2nd period - Cam Fowler is hit by Jack Johnson and loses puck.
15:01 of 2nd period - Branislav Mezei is hit by Darren Reid and loses puck.
15:51 of 2nd period - Wrist shot by Peter Mueller.
15:51 of 2nd period - Stopped by Semyon Varlamov without a rebound.
15:52 of 2nd period - Kyle Turris wins face-off versus Peter Mueller in Avalanche zone.
16:58 of 2nd period - Wrist shot by Patric Hornqvist.
16:58 of 2nd period - Stopped by Rick DiPietro with a rebound.
17:00 of 2nd period - Snap shot by Mikkel Boedker.
17:00 of 2nd period - Stopped by Rick DiPietro with a rebound.
17:02 of 2nd period - Wrist shot by Patric Hornqvist.
17:02 of 2nd period - Goal by Patric Hornqvist - Blue Jackets : 0 - Avalanche : 2.
17:03 of 2nd period - Martin Havlat wins face-off versus Paul Stastny in neutral zone.
18:04 of 2nd period - Wrist shot by Peter Mueller.
18:04 of 2nd period - Shot Misses the Net.
19:19 of 2nd period - Derek Boogaard is hit by Bryan Little and loses puck.
19:28 of 2nd period - Snap shot by Bryan Little.
19:28 of 2nd period - Stopped by Rick DiPietro with a rebound.
19:38 of 2nd period - Matt Moulson is hit by Dalton Prout and loses puck.
Goals for this period are 0 for Blue Jackets vs 1 for Avalanche.
Shots for this period are 6 for Blue Jackets vs 17 for Avalanche.

3rd period


0:01 of 3rd period - Artemi Panarin wins face-off versus Bryan Little in neutral zone.
0:04 of 3rd period - Slapshot by Cam Fowler.
0:04 of 3rd period - Shot Blocked by Bryan Little.
0:06 of 3rd period - Wrist shot by Pavel Datsyuk.
0:06 of 3rd period - Stopped by Semyon Varlamov with a rebound.
0:08 of 3rd period - Snap shot by Mike Lundin.
0:08 of 3rd period - Stopped by Semyon Varlamov with a rebound.
0:10 of 3rd period - Wrist shot by Artemi Panarin.
0:10 of 3rd period - Goal by Artemi Panarin - Blue Jackets : 1 - Avalanche : 2.
0:11 of 3rd period - Pavel Datsyuk wins face-off versus Alexander Radulov in neutral zone.
0:35 of 3rd period - Icing by Mike Lundin.
0:36 of 3rd period - Bryan Little wins face-off versus Pavel Datsyuk in Blue Jackets zone.
0:48 of 3rd period - Minor Penalty to Martin Havlat for Hooking.
0:49 of 3rd period - Bryan Little wins face-off versus Artemi Panarin in Blue Jackets zone.
0:51 of 3rd period - Snap shot by Mikkel Boedker.
0:51 of 3rd period - Stopped by Rick DiPietro without a rebound.
0:52 of 3rd period - Bryan Little wins face-off versus Artemi Panarin in Blue Jackets zone.
0:53 of 3rd period - Snap shot by Mikkel Boedker.
0:53 of 3rd period - Deflect By Patric Hornqvist.
0:53 of 3rd period - Stopped by Rick DiPietro with a rebound.
0:55 of 3rd period - Slapshot by Erik Karlsson.
0:55 of 3rd period - Shot Misses the Net.
1:03 of 3rd period - Snap shot by Mikkel Boedker.
1:03 of 3rd period - Stopped by Rick DiPietro without a rebound.
1:04 of 3rd period - Artemi Panarin wins face-off versus Bryan Little in Blue Jackets zone.
1:17 of 3rd period - Snap shot by Jack Johnson.
1:17 of 3rd period - Stopped by Rick DiPietro without a rebound.
1:18 of 3rd period - Bryan Little wins face-off versus Artemi Panarin in Blue Jackets zone.
2:13 of 3rd period - Dmitry Kulikov is hit by Rob Scuderi and loses puck.
2:48 of 3rd period - Penalty to Martin Havlat is over, Martin Havlat is back on ice.
3:03 of 3rd period - Paul Stastny is hit by Martin Havlat and loses puck.
3:14 of 3rd period - Backhand shot by Alexander Radulov.
3:14 of 3rd period - Goal by Alexander Radulov - Blue Jackets : 1 - Avalanche : 3.
3:15 of 3rd period - Bryan Little wins face-off versus Pavel Datsyuk in neutral zone.
3:20 of 3rd period - Slapshot by Erik Karlsson.
3:20 of 3rd period - Deflect By Branislav Mezei.
3:20 of 3rd period - Stopped by Rick DiPietro without a rebound.
3:21 of 3rd period - Bryan Little wins face-off versus Pavel Datsyuk in Blue Jackets zone.
3:52 of 3rd period - Slapshot by Peter Mueller.
3:52 of 3rd period - Stopped by Semyon Varlamov with a rebound.
3:54 of 3rd period - Slapshot by Branislav Mezei.
3:54 of 3rd period - Shot Misses the Net.
3:56 of 3rd period - Snap shot by Max Pacioretty.
3:56 of 3rd period - Shot Misses the Net.
3:58 of 3rd period - Snap shot by Max Pacioretty.
3:58 of 3rd period - Stopped by Semyon Varlamov with a rebound.
4:00 of 3rd period - Wrist shot by Max Pacioretty.
4:00 of 3rd period - Shot Misses the Net.
4:02 of 3rd period - Snap shot by Peter Mueller.
4:02 of 3rd period - Shot Misses the Net.
4:49 of 3rd period - Wrist shot by Tyler Kennedy.
4:49 of 3rd period - Deflect By Mikkel Boedker.
4:49 of 3rd period - Shot Misses the Net.
4:49 of 3rd period - Puck is out of play.
4:50 of 3rd period - Pavel Datsyuk wins face-off versus Paul Stastny in Avalanche zone.
5:15 of 3rd period - Mikkel Boedker is hit by Peter Mueller and loses puck.
5:27 of 3rd period - Slapshot by Peter Mueller.
5:27 of 3rd period - Stopped by Semyon Varlamov with a rebound.
5:46 of 3rd period - Off-side.
5:47 of 3rd period - Pavel Datsyuk wins face-off versus Paul Stastny in neutral zone.
5:49 of 3rd period - Minor Penalty to Mike Lundin for Goalie Interference.
5:50 of 3rd period - Artemi Panarin wins face-off versus Bryan Little in Blue Jackets zone.
6:16 of 3rd period - A.J Thelen is hit by Andrei Kostitsyn and loses puck.
7:49 of 3rd period - Penalty to Mike Lundin is over, Mike Lundin is back on ice.
8:07 of 3rd period - Wrist shot by Andrew Ladd.
8:07 of 3rd period - Shot Blocked by Peter Mueller.
8:09 of 3rd period - Slapshot by Dmitry Kulikov.
8:09 of 3rd period - Shot Blocked by Peter Mueller.
8:26 of 3rd period - A.J Thelen is hit by Darren Reid and loses puck.
9:18 of 3rd period - Wrist shot by Alexander Radulov.
9:18 of 3rd period - Stopped by Rick DiPietro without a rebound.
9:19 of 3rd period - Paul Stastny wins face-off versus Pavel Datsyuk in Blue Jackets zone.
9:28 of 3rd period - Snap shot by Alexander Radulov.
9:28 of 3rd period - Stopped by Rick DiPietro without a rebound.
9:29 of 3rd period - Bryan Little wins face-off versus Peter Mueller in Blue Jackets zone.
9:36 of 3rd period - Snap shot by Bryan Little.
9:36 of 3rd period - Shot Blocked by Mike Lundin.
10:09 of 3rd period - Jack Johnson is hit by Artemi Panarin and loses puck.
10:28 of 3rd period - Snap shot by Matt Moulson.
10:28 of 3rd period - Stopped by Rick DiPietro without a rebound.
10:29 of 3rd period - Max Pacioretty wins face-off versus Darren Reid in Blue Jackets zone.
10:29 of 3rd period - Max Pacioretty is hit by Kyle Turris.
10:47 of 3rd period - Snap shot by Matt Moulson.
10:47 of 3rd period - Goal by Matt Moulson - Blue Jackets : 1 - Avalanche : 4.
10:48 of 3rd period - Pavel Datsyuk wins face-off versus Bryan Little in neutral zone.
11:04 of 3rd period - Slapshot by Marc Staal.
11:04 of 3rd period - Stopped by Rick DiPietro without a rebound.
11:05 of 3rd period - Peter Mueller wins face-off versus Paul Stastny in Blue Jackets zone.
11:35 of 3rd period - Mike Lundin is hit by Mikkel Boedker.
12:15 of 3rd period - Eric Wellwood is hit by Kyle Turris.
13:02 of 3rd period - Snap shot by Artemi Panarin.
13:02 of 3rd period - Deflect By Pavel Datsyuk.
13:02 of 3rd period - Stopped by Semyon Varlamov without a rebound.
13:03 of 3rd period - Bryan Little wins face-off versus Pavel Datsyuk in Avalanche zone.
13:32 of 3rd period - Snap shot by Alexander Radulov.
13:32 of 3rd period - Stopped by Rick DiPietro without a rebound.
13:33 of 3rd period - Peter Mueller wins face-off versus Paul Stastny in Blue Jackets zone.
13:45 of 3rd period - Slapshot by Paul Stastny.
13:45 of 3rd period - Stopped by Rick DiPietro without a rebound.
13:46 of 3rd period - Pavel Datsyuk wins face-off versus Bryan Little in Blue Jackets zone.
13:53 of 3rd period - Snap shot by Artemi Panarin.
13:53 of 3rd period - Shot Misses the Net.
14:07 of 3rd period - Patric Hornqvist is hit by Artemi Panarin and loses puck.
14:59 of 3rd period - Darren Reid is hit by Dalton Prout and loses puck.
15:30 of 3rd period - Artemi Panarin is hit by Alexander Radulov and loses puck.
16:08 of 3rd period - Minor Penalty to Andreas Nodl for Tripping.
16:09 of 3rd period - Derek Boogaard wins face-off versus Bryan Little in Blue Jackets zone.
16:17 of 3rd period - Erik Karlsson is hit by Derek Boogaard and loses puck.
16:28 of 3rd period - Mike Lundin is hit by Jack Johnson and loses puck.
16:43 of 3rd period - Slapshot by Martin Havlat.
16:43 of 3rd period - Goal by Martin Havlat - Blue Jackets : 2 - Avalanche : 4.
16:44 of 3rd period - Artemi Panarin wins face-off versus Bryan Little in neutral zone.
16:57 of 3rd period - Slapshot by Cam Fowler.
16:57 of 3rd period - Stopped by Semyon Varlamov with a rebound.
17:22 of 3rd period - Slapshot by Rob Scuderi.
17:22 of 3rd period - Stopped by Semyon Varlamov with a rebound.
18:08 of 3rd period - Penalty to Andreas Nodl is over, Andreas Nodl is back on ice.
18:52 of 3rd period - Jack Johnson is hit by Max Pacioretty and loses puck.
19:36 of 3rd period - Icing by Eric Wellwood.
19:37 of 3rd period - Andreas Nodl wins face-off versus Andrew Ladd in Blue Jackets zone.
19:42 of 3rd period - Slapshot by Andreas Nodl.
19:42 of 3rd period - Shot Blocked by Dmitry Kulikov.
19:44 of 3rd period - Slapshot by Mike Lundin.
19:44 of 3rd period - Stopped by Semyon Varlamov with a rebound.
Goals for this period are 2 for Blue Jackets vs 2 for Avalanche.
Shots for this period are 11 for Blue Jackets vs 13 for Avalanche.